Map: Orbital Shipyard

Players

Matiz - Winner!

  • Race: Zerg Zerg

Bop

  • Race: Terran Terran

VOD

Have the link to the VOD?

Description

Time

  • Played on: May 6, 2015, 7:35 a.m.
  • Length: 9:30
Show
View Real Time Build Order
Export as new Build Order

Matiz Zerg - Winner!

Build Orders: Hatch First, Muta Ling Bane 

Get SALT Encoding   

  12  0:02  Drone  
  13  0:12  Overlord  
  13  0:17  Drone  
  14  0:23  Extractor  
  14  0:24  Drone  
  15  0:32  Drone  
  15  0:35  Drone  
  17  0:51  Hatchery  
  17  0:55  Drone  
  17  0:59  Drone  
  18  1:12  Spawning Pool  
  18  1:14  Drone  
  18  1:18  Drone  
  19  1:28  Extractor  
  19  1:29  Drone  
  19  1:42  Hatchery  
  19  1:45  Drone  
  19  1:58  Queen  
  19  2:00  Zergling x2  
  22  2:04  Queen  
  24  2:09  Drone  
  24  2:13  Drone  
  26  2:18  Overlord  
  26  2:20  Zergling x2  
  27  2:24  Zergling x2  
  28  2:31  Metabolic Boost  
  28  2:36  Spore Crawler  
  27  2:38  Drone  
  27  2:42  Drone  
  27  2:43  Drone  
  31  2:44  Drone  
  31  2:48  Overlord  
  32  2:55  Drone x2  
  34  3:02  Queen  
  34  3:03  Overlord  
  36  3:07  Zergling x2  
  36  3:08  Zergling x2  
  36  3:09  Zergling x2  
  39  3:13  Zergling x4  
  39  3:18  Zergling x6  
  44  3:26  Queen  
  46  3:31  Zergling x2  
  46  3:32  Zergling x4, Extractor  
  47  3:37  Overlord  
  47  3:41  Zergling x4  
  47  3:42  Zergling x2  
  50  3:52  Zergling x10  
  50  3:54  Zergling x2  
  52  3:57  Drone  
  52  4:02  Drone x3  
  55  4:04  Drone  
  56  4:11  Drone x3  
  59  4:20  Drone x2  
  59  4:21  Drone x2  
  63  4:26  Drone x2  
  65  4:33  Overlord x2  
  65  4:42  Overlord  
  65  4:54  Drone x11  
  76  5:05  Lair, Extractor x2  
  74  5:07  Drone x9  
  74  5:08  Drone  
  74  5:10  Drone  
  74  5:13  Overlord  
  85  5:26  Overlord x2  
  85  5:28  Extractor  
  85  5:30  Baneling Nest  
  85  5:32  Drone x4  
  85  5:33  Overlord, Drone  
  85  5:34  Drone  
  89  5:38  Drone x4  
  89  5:40  Extractor  
  89  5:41  Extractor  
  91  5:46  Overlord  
  91  5:51  Overlord  
  91  5:54  Overlord  
  91  6:03  Hatchery, Evolution Chamber  
  89  6:08  Evolution Chamber, Spire  
  87  6:11  Zergling x2  
  87  6:12  Zergling x26  
  100  6:19  Centrifical Hooks  
  100  6:23  Baneling  
  100  6:25  Baneling x3  
  100  6:26  Baneling x4  
  100  6:27  Zergling x8  
  100  6:29  Baneling x3  
  104  6:34  Zerg Melee Weapons Level 1  
  104  6:44  Overlord, Zerg Ground Armor Level 1  
  104  6:46  Zergling x2  
  106  6:47  Zergling x14  
  110  6:56  Drone x4  
  114  7:06  Overlord x3  
  114  7:07  Overlord  
  114  7:18  Drone  
  114  7:19  Drone x3  
  114  7:20  Queen  
  120  7:26  Mutalisk x4  
  120  7:27  Mutalisk x3  
  134  7:30  Overseer  
  134  7:33  Zergling x8  
  134  7:34  Zergling x2  
  138  7:40  Zergling x6  
  138  7:42  Overlord  
  140  7:45  Extractor  
  140  7:47  Extractor  
  140  7:48  Overseer  
  138  7:54  Zergling x8  
  138  7:56  Overlord  
  142  7:59  Mutalisk  
  142  8:00  Mutalisk x3  
  150  8:16  Baneling x11  
  150  8:17  Zergling x14  
  150  8:18  Zergling x12  
  163  8:32  Baneling  
  163  8:33  Zergling x2, Baneling x9  
  163  8:34  Zergling x16  
  154  8:53  Zergling x16  
  136  9:02  Zergling x26  
  137  9:11  Zergling x6  
  137  9:12  Zergling x10  
Show
View Real Time Build Order
Export as new Build Order

Bop Terran 

Build Orders: MMM Bio 

Get SALT Encoding   

  12  0:00  SCV  
  13  0:12  SCV  
  14  0:22  Supply Depot  
  14  0:25  SCV  
  15  0:43  SCV  
  15  0:45  Barracks  
  15  0:49  Refinery  
  16  0:55  SCV  
  17  0:59  Barracks  
  17  1:08  SCV  
  18  1:20  SCV  
  19  1:30  Supply Depot  
  19  1:33  Orbital Command  
  19  1:34  Reaper  
  20  1:50  Reaper  
  21  1:58  SCV  
  21  2:01  Barracks  
  22  2:06  Barracks  
  22  2:09  Reaper  
  23  2:20  Refinery  
  23  2:23  Bunker  
  23  2:24  SCV  
  23  2:28  Reaper  
  25  2:36  SCV  
  26  2:48  SCV  
  26  2:49  Reaper  
  26  2:50  Supply Depot  
  28  3:00  SCV  
  28  3:03  Reaper  
  30  3:11  Reaper  
  31  3:13  SCV  
  31  3:19  Reaper  
  33  3:25  SCV  
  34  3:31  Reaper  
  35  3:35  Command Center  
  35  3:37  SCV  
  36  3:41  Supply Depot  
  36  3:49  SCV  
  36  3:53  Reaper x2  
  37  4:01  Reaper  
  33  4:06  Reaper  
  33  4:07  SCV  
  33  4:08  Bunker  
  35  4:10  Supply Depot x2  
  35  4:23  SCV  
  35  4:27  Supply Depot  
  34  4:32  Barracks Reactor  
  34  4:37  Barracks Reactor  
  34  4:42  SCV, Supply Depot  
  35  4:47  Barracks Tech Lab  
  35  4:50  Orbital Command  
  35  4:51  Barracks Tech Lab  
  35  5:08  Stimpack  
  35  5:13  Combat Shields, Marine  
  35  5:14  Marine  
  35  5:15  Orbital Command, Marine x3  
  35  5:19  Marine  
  40  5:31  Marine  
  40  5:32  Marine  
  40  5:33  SCV, Marine, Refinery, Marauder  
  40  5:34  Marine  
  40  5:35  Engineering Bay  
  47  5:38  Marauder  
  49  5:44  SCV  
  49  5:45  SCV  
  49  5:49  Marine  
  52  5:50  Marine  
  52  5:51  Marine  
  52  5:57  SCV, Marine x2  
  55  5:58  SCV  
  55  5:59  Marine  
  59  6:07  Marine  
  59  6:08  Marine  
  59  6:09  SCV  
  59  6:10  SCV  
  63  6:16  Terran Infantry Weapons Level 1  
  63  6:17  Marine x3  
  66  6:21  SCV  
  66  6:24  Factory, Marine  
  66  6:25  Marine  
  69  6:26  Marine  
  70  6:34  Marine  
  70  6:36  Marine  
  70  6:37  Command Center, Marine  
  73  6:44  Marine  
  73  6:45  Marine x2  
  76  6:51  SCV x2  
  76  6:52  Marine  
  79  6:57  Marine x2  
  81  7:03  SCV x2  
  81  7:07  Factory Tech Lab  
  83  7:08  Starport  
  83  7:10  Marine  
  83  7:11  Marine x3  
  87  7:15  Supply Depot  
  87  7:31  Marine x4  
  87  7:32  Marine x2  
  93  7:37  Siege Tank  
  96  7:46  Medivac  
  96  7:49  Orbital Command  
  98  7:52  Marine x5  
  103  8:06  Orbital Command  
  103  8:10  Marine x3, Siege Tank, Marauder  
  103  8:11  Marauder  
  113  8:20  Missile Turret, Marine  
  114  8:28  Marine x3  
  117  8:35  Supply Depot  
  117  8:38  Supply Depot  
  117  8:43  Marine  
  117  8:47  Marine x2  
  117  8:48  Medivac  
  117  8:55  Marine x3  
  68  9:01  Marine  
  56  9:05  Marine x2  
  43  9:12  Marine  
Tags
 
Add a new tag
Caveats
  • Supply blocks, unpowered buildings, or Contaminate may cause inaccurate times.
  • Supply counts are checked every 10 seconds.